 Dungeon Crawl Stone Soup version 0.29-a0-221-gceb61267dd (webtiles) character file.

Game seed: 17087665917726705715

303 mcwallace the Bolt Thrower (level 6, -2/39 (48) HPs)
             Began as a Formicid Hunter on Feb 26, 2022.
             Slain by a necrophage (3 damage)
             ... on level 5 of the Dungeon.
             The game lasted 00:07:04 (4367 turns).

mcwallace the Bolt Thrower (Formicid Hunter)        Turns: 4367, Time: 00:07:05

HP:   -2/39 (48)    AC:  3    Str: 17    XL:     6   Next: 66%
MP:   15/15         EV: 12    Int: 10    God:
Gold: 194           SH:  0    Dex: 13    Spells: 5/5 levels left

rFire   . . .      SeeInvis +   a - +1 hand crossbow {crossbow}
rCold   . . .      Faith    .   (no shield)
rNeg    . . .      Spirit   .   b - +0 leather armour
rPois   .          Reflect  .   (helmet unavailable)
rElec   .          Harm     .   (no cloak)
rCorr   .          Rampage  .   (no gloves)
Will    .....                   (no boots)
Stlth   ++........              (no amulet)
HPRegen 0.13/turn               d - ring of magical power
MPRegen 0.14/turn               (no ring)

@: heavily drained
A: permanent stasis, dig shafts and tunnels, antennae 3, four strong arms
a: Dig, Shaft Self


You were on level 5 of the Dungeon.
You visited 2 branches of the dungeon, and saw 6 of its levels.

You collected 194 gold pieces.


Innate Abilities, Weirdness & Mutations

You cannot be hasted, slowed, berserked, paralysed or teleported.
You can dig through walls and to a lower floor.
You have a pair of large antennae on your head. (SInv)
Your four strong arms can wield two-handed weapons with a shield.


   Skills:
 + Level 4.0 Fighting
 + Level 5.0 Crossbows
 + Level 3.3 Dodging
 + Level 4.2 Stealth


You had 5 spell levels left.
You didn't know any spells.
Your spell library contained the following spells:

 Spells                   Type           Power      Damage    Failure   Level
 Apportation              Tloc           0%         N/A       43%         1
 Freeze                   Ice            0%         1d3       43%         1
 Corpse Rot               Necr/Air       0%         N/A       56%         2
 Poisonous Vapours        Pois/Air       0%         N/A       56%         2
 Frozen Ramparts          Ice            0%         1d2       80%         3
 Hailstorm                Conj/Ice       0%         3d3       99%         4
 Alistair's Intoxication  Tmut/Pois      0%         N/A       100%        5
 Conjure Ball Lightning   Conj/Air       0%         3x3d6     100%        6
 Discord                  Hex            0%         N/A       100%        8
 Disjunction              Tloc           0%         N/A       100%        8

Inventory:

Hand Weapons
 a - a +1 hand crossbow (weapon) {crossbow}
Missiles
 g - 182 stones {throwing}
 l - 6 boomerangs {throwing}
 s - 8 poisoned darts {throwing}
Armour
 b - a +0 leather armour (worn)
 e - a +0 robe
   (You found it on level 1 of the Dungeon)
 m - a +0 scale mail
   (You found it on level 1 of the Dungeon)
 n - a +0 robe
   (You took it off a hobgoblin on level 2 of the Dungeon)
 q - a +0 leather armour
   (You found it on level 3 of the Dungeon)
 v - a +0 ring mail
   (You found it on level 3 of the Dungeon)
 A - a +0 leather armour
   (You found it on level 3 of the Dungeon)
 F - a +0 robe
   (You took it off Sigmund on level 4 of the Dungeon)
Magical Staves
 w - a staff of death {!astaff}
   (You found it on level 3 of the Dungeon)
Jewellery
 d - a ring of magical power (left hand)
   (You found it on level 1 of the Dungeon)
 k - an amulet of regeneration {@e2}
   (You found it on level 1 of the Dungeon)
Wands
 c - a wand of flame (16)
   (You found it on level 4 of the Dungeon)
Scrolls
 f - 2 scrolls of enchant weapon {unknown}
 h - a scroll of holy word {unknown}
 p - a scroll of summoning {unknown}
 y - a scroll of immolation {unknown}
 C - 2 scrolls of noise {unknown}
 E - a scroll of magic mapping {unknown}
 G - a scroll of teleportation {unknown}
Potions
 i - a potion of attraction {unknown}
 j - 2 potions of haste {@q3}
 o - 3 potions of flight
 r - 2 potions of curing {@q1}
 t - a potion of heal wounds {@q2}
 u - a potion of invisibility {unknown}
 x - 2 potions of berserk rage {!q}
 z - 2 potions of degeneration {unknown}
 B - 2 potions of brilliance {unknown}
 D - 3 potions of lignification {unknown}

Dungeon Overview and Level Annotations

Branches:
Dungeon (5/15)             Temple (1/1) D:4

Altars:
Cheibriados
Dithmenos
Elyvilon
Fedhas
Gozag
Hepliaklqana
Makhleb
Qazlal
Sif Muna
Trog
Uskayaw
Wu Jian
Xom
Yredelemnul
Zin
The Shining One

Annotations:
D:4 Edmund

#..# #..# #
#.####..##.#
#....>.....#
#######..####
.......<†...#
#######..##.#
######..# #
#.@n....#
#n####.## ...
#.# #### #.#
#.# ..# ###


You could see 2 necrophages.


Message History

Shoot: a) +1 hand crossbow {crossbow}
Press: ? - help, Q - select action, (/) - cycle Shift-Dir - straight line, f - necrophage
Aim: a necrophage (64% to hit)
You shoot a bolt. The bolt barely misses the necrophage.
Shoot: a) +1 hand crossbow {crossbow}
Press: ? - help, Q - select action, (/) - cycle Shift-Dir - straight line, f/p - necrophage
Aim: a necrophage (64% to hit)
You shoot a bolt.
The bolt hits the necrophage but does no damage.
The necrophage hits you. 😕 HP[-5]
You take 5 damage, and now have 43/48 hp.
Shoot: a) +1 hand crossbow {crossbow}
Press: ? - help, Q - select action, (/) - cycle Shift-Dir - straight line, f/p - necrophage
Aim: a necrophage (64% to hit)
You shoot a bolt. The bolt closely misses the necrophage.
The necrophage barely misses you.
Okay, then.
Shoot: a) +1 hand crossbow {crossbow}
Press: ? - help, Q - select action, (/) - cycle Shift-Dir - straight line, f/p - necrophage
Aim: a necrophage (64% to hit)
You shoot a bolt. The bolt hits the necrophage.
The necrophage hits you.
You feel drained. 😕 HP[-2]
You now have 47 max hp (-1).
You take 2 damage, and now have 41/47 hp.
Shoot: a) +1 hand crossbow {crossbow}
Press: ? - help, Q - select action, (/) - cycle Shift-Dir - straight line, f/p - necrophage
Aim: a necrophage (lightly damaged, 64% to hit)
You shoot a bolt. The bolt barely misses the necrophage.
The necrophage hits you!
You feel drained. 😮 HP[-10]
You now have 46 max hp (-1).
You take 10 damage, and now have 31/46 hp.
MASSIVE DAMAGE!! (PAUSE)
The necrophage hits you.
There is a stone staircase leading up, spattered with blood here. 😮 HP[-3]
You take 3 damage, and now have 28/46 hp. 😮 HP[+1]
A necrophage comes into view.
Okay, then.
Shoot: a) +1 hand crossbow {crossbow}
Press: ? - help, Q - select action, (/) - cycle Shift-Dir - straight line, f/p - necrophage
Aim: a necrophage (lightly damaged, 64% to hit)
You shoot a bolt. The bolt hits the necrophage.
The necrophage hits you.
You feel drained. The necrophage hits you.
You feel drained. 😮 HP[-5]
You now have 44 max hp (-2).
You take 5 damage, and now have 24/44 hp.
Shoot: a) +1 hand crossbow {crossbow}
Press: ? - help, Q - select action, (/) - cycle Shift-Dir - straight line, f/p - necrophage
Aim: a necrophage (lightly damaged, 64% to hit)
You shoot a bolt.
The bolt completely misses the necrophage.
The necrophage closely misses you. The necrophage completely misses you.
The necrophage misses you. The necrophage hits you.
* * * LOW HITPOINT WARNING * * *
😨 HP[-5]
You take 5 damage, and now have 19/44 hp.
Shoot: a) +1 hand crossbow {crossbow}
Press: ? - help, Q - select action, (/) - cycle Shift-Dir - straight line, f/p - necrophage
Aim: a necrophage (lightly damaged, 64% to hit)
You shoot a bolt. The bolt barely misses the necrophage.
The necrophage hits you.
* * * LOW HITPOINT WARNING * * *
The necrophage completely misses you. 😨 HP[-1]
You take 1 damage, and now have 18/44 hp.
Shoot: a) +1 hand crossbow {crossbow}
Press: ? - help, Q - select action, (/) - cycle Shift-Dir - straight line, f/p - necrophage
Aim: a necrophage (lightly damaged, 64% to hit)
You shoot a bolt. The bolt hits the necrophage.
The necrophage hits you.
* * * LOW HITPOINT WARNING * * *
You feel drained. The necrophage hits you.
* * * LOW HITPOINT WARNING * * *
😨 HP[-5]
You now have 42 max hp (-2).
You take 5 damage, and now have 13/42 hp.
Shoot: a) +1 hand crossbow {crossbow}
Press: ? - help, Q - select action, (/) - cycle Shift-Dir - straight line, f/p - necrophage
Aim: a necrophage (lightly damaged, 64% to hit)
You shoot a bolt. The bolt hits the necrophage.
The necrophage hits you.
* * * LOW HITPOINT WARNING * * *
You feel drained.
* * * LOW HITPOINT WARNING * * *
The necrophage closely misses you. The necrophage hits you.
* * * LOW HITPOINT WARNING * * *
You feel drained.
* * * LOW HITPOINT WARNING * * *
The necrophage hits you.
You die...

Skill      XL: |  1  2  3  4  5  6 |
---------------+-------------------+-----
Dodging        | 2 3 |  3.3
Stealth        | 2 3 4 |  4.2
Fighting       | 3 4 |  4.0
Crossbows      | 5 |  5.0

Action                   |  1- 3 |  4- 6 || total
-------------------------+-------+-------++-------
 Fire: Hand crossbow     |    92 |   133 ||   225
 Abil: Dig               |     1 |       ||     1
Evoke: Wand              |       |     2 ||     2
  Use: Scroll            |       |     5 ||     5
       Potion            |       |     1 ||     1
Armor: Leather armour    |     7 |    24 ||    31
Dodge: Dodged            |    10 |    64 ||    74

Levels and vault maps discovered:
D:1:      amcnicky_arrival_underground_garden, layout_basic,
          dreamdust_ecumenical_altar_grove, minmay_tetromino_s4
D:2:      layout_loops_ring, corexii_corridor_pit
D:3:      minmay_roachtagon, layout_basic, nicolae_dithmenos_shadow_blocks
D:4:      layout_basic, minmay_temple_entry_waves, uniq_sigmund, uniq_edmund
D:5:      minmay_evil_eye, layout_loops_ring, chequers_serial_rivers_marsh,
          chequers_serial_rivers_small_a
Temple:   regret_index_temple_waves

Notes
Turn   | Place    | Note
-------+----------+-------------------------------------------
     0 | D:1      | mcwallace the Formicid Hunter began the quest for the Orb.
     0 | D:1      | Reached XP level 1. HP: 16/16 MP: 1/1
     0 | D:1      | magus.rc [v1.9.6]
    84 | D:1      | Found a faded altar of an unknown god.
   224 | D:1      | Reached XP level 2. HP: 23/23 MP: 2/2
   227 | D:1      | Reached skill level 2 in Dodging
   640 | D:2      | Reached skill level 2 in Stealth
   640 | D:2      | Reached XP level 3. HP: 8/28 MP: 3/3
   944 | D:2      | You pick up a book of Chaos and begin reading...
   944 | D:2      | You add the spells Conjure Ball Lightning, Disjunction and
                  | Discord to your library.
  1161 | D:2      | You pick up a book of Party Tricks and begin reading...
  1161 | D:2      | You add the spells Apportation and Alistair's Intoxication
                  | to your library.
  1499 | D:3      | Found a shadowy altar of Dithmenos.
  1606 | D:3      | Reached XP level 4. HP: 22/34 MP: 4/4
  1677 | D:3      | Reached skill level 3 in Fighting
  2421 | D:3      | magus.rc [v1.9.6]
  2524 | D:4      | Found a staircase to the Ecumenical Temple.
  2531 | Temple   | Entered the Ecumenical Temple
  2749 | D:4      | You pick up a book of Vapours and begin reading...
  2749 | D:4      | You add the spells Poisonous Vapours and Corpse Rot to your
                  | library.
  2794 | D:4      | Reached skill level 3 in Stealth
  2961 | D:4      | Reached XP level 5. HP: 41/41 MP: 5/5
  2989 | D:4      | Noticed Sigmund
  3010 | D:4      | Killed Sigmund
  3011 | D:4      | Reached skill level 3 in Dodging
  3011 | D:4      | Reached skill level 4 in Stealth
  3011 | D:4      | Reached XP level 6. HP: 22/48 MP: 6/6
  3388 | D:4      | Noticed Edmund
  3402 | D:4      | HP: 10/48 [Edmund/+0 vorpal flail (7)]
  3892 | D:4      | You pick up a book of Frost and begin reading...
  3892 | D:4      | You add the spells Freeze, Frozen Ramparts and Hailstorm to
                  | your library.
  4103 | D:4      | Reached skill level 4 in Fighting
  4103 | D:4      | Reached skill level 5 in Crossbows
  4228 | D:5      | Entered Level 5 of the Dungeon
  4350 | D:5      | Noticed a necrophage
  4362 | D:5      | Noticed a necrophage
  4367 | D:5      | HP: 9/42 [necrophage (4)]
  4367 | D:5      | HP: 3/41 [necrophage (5)]
  4367 | D:5      | HP: 1/39 [necrophage (2)]
  4367 | D:5      | Slain by a necrophage

Vanquished Creatures
  Sigmund (D:4)
  A hound (D:4)
  4 adders
  3 worms
  A dart slug (D:2)
  An orc (D:4)
  6 ball pythons
  6 bats
  4 endoplasms
  14 giant cockroaches
  2 goblins
  4 hobgoblins
  8 kobolds
  5 quokkas
  2 frilled lizards
  6 rats
68 creatures vanquished.

Table legend:
 A = Non-vault XP
 B = Vault XP
 C = Vault XP percentage of total XP
 D = Non-vault monster count
 E = Vault monster count
 F = Vault count percentage of total count
                 A         B        C        D         E       F
            +---------+---------+-------+---------+---------+-------
      Total |     189 |     245 |  56.5 |      56 |      12 |  17.6
            +---------+---------+-------+---------+---------+-------
        D:1 |      21 |       4 |  16.0 |      14 |       2 |  12.5
        D:2 |      37 |       0 |   0.0 |      16 |       0 |   0.0
        D:3 |      32 |      18 |  36.0 |      12 |       9 |  42.9
        D:4 |      86 |     223 |  72.2 |      13 |       1 |   7.1
        D:5 |      13 |       0 |   0.0 |       1 |       0 |   0.0
            +---------+---------+-------+---------+---------+-------

Illustrated notes

Table legend:
 A = Kills in this place as a percentage of kills in entire the game.
 B = Kills by you in this place as a percentage of kills by you in the entire game.
 C = Kills by friends in this place as a percentage of kills by friends in the entire game.
 D = Other kills in this place as a percentage of other kills in the entire game.
 E = Experience gained in this place as a percentage of experience gained in the entire game.
 F = Experience gained in this place divided by the number of levels of this place that you have seen.
                   A       B       C       D       E      F
               +-------+-------+-------+-------+-------+----------------------
         Total | 100.0 | 100.0 |   N/A |   N/A | 100.0 |  72.3
       Dungeon | 100.0 | 100.0 |   N/A |   N/A | 100.0 |  86.8
               +-------+-------+-------+-------+-------+----------------------

Table legend: (Time is in decaauts)
 A = Elapsed time spent in this place.
 B = Non-inter-level travel time spent in this place.
 C = Inter-level travel time spent in this place.
 D = Time resting spent in this place.
 E = Time spent auto-exploring this place.
 F = Levels seen in this place.
 G = Mean time per level.
                   A        B        C        D        E       F      G
               +--------+--------+--------+--------+--------+-----+--------+
         Total |   4436 |   4191 |    245 |    200 |   3443 |   6 |  739.3 |
       Dungeon |   4229 |   4038 |    191 |    200 |   3304 |   5 |  845.8 |
        Temple |    206 |    152 |     54 |      0 |    139 |   1 |  206.0 |
               +--------+--------+--------+--------+--------+-----+--------+

Top non-repeatable levels by time:
     D:4: 1301 daAuts
     D:3: 1275 daAuts
     D:2: 940 daAuts
     D:1: 568 daAuts
  Temple: 206 daAuts
     D:5: 143 daAuts
